 Dungeon Crawl Stone Soup version 0.30-a0-218-gedb9141078 (webtiles) character file.

Game seed: 9006101647590786058

11 IdlyInterested the Slasher (level 2, -2/21 HPs)
             Began as a Demonspawn Wanderer on Oct 5, 2022.
             Slain by an adder (3 damage)
             ... on level 2 of the Dungeon.
             The game lasted 00:02:11 (479 turns).

IdlyInterested the Slasher (Demonspawn Wanderer)     Turns: 479, Time: 00:02:12

Health: -2/21      AC:  2    Str:  9    XL:     2   Next: 13%
Magic:  2/2        EV: 12    Int: 12    God:
Gold:   4          SH:  0    Dex: 16    Spells: 1/1 levels left

rFire   . . .      SeeInvis .    b - +0 falchion
rCold   . . .      Faith    .    (no shield)
rNeg    . . .      Spirit   .    e - +0 robe
rPois   .          Reflect  .    (no helmet)
rElec   .          Harm     .    (no cloak)
rCorr   .          Rampage  .    (no gloves)
Will    .....                    (no boots)
Stlth   ++........               (no amulet)
HPRegen 0.23/turn                (no ring)
MPRegen 0.16/turn                (no ring)

@: no status effects
A: magic regeneration
a: no special abilities


You were on level 2 of the Dungeon.
You visited 1 branch of the dungeon, and saw 2 of its levels.

You collected 4 gold pieces.

Inventory:

Hand Weapons
 a - a +0 rapier
 b - a +0 falchion (weapon)
 f - a +2 vorpal dire flail
Missiles
 g - 4 stones (quivered)
 i - a throwing net
Armour
 e - a +0 robe (worn)
Wands
 c - a wand of polymorph (3)
Scrolls
 h - a scroll of immolation {unknown}
 j - a scroll of summoning {unknown}
Potions
 d - a potion of lignification


   Skills:
 * Level 1.2 Fighting
 - Level 2.6(3.3) Short Blades
 + Level 2.8(3.4) Long Blades
 - Level 1.0 Throwing
 + Level 1.2 Dodging
 - Level 1.0 Stealth
 - Level 1.0 Evocations


You had one spell level left.
You didn't know any spells.
Your spell library was empty.

Dungeon Overview and Level Annotations

Branches:
Dungeon (1/15)

Altars:


Innate Abilities, Weirdness & Mutations

You regenerate magic rapidly.


Message History

The adder is moderately wounded.
The adder bites you but does no damage. The adder bites you.
You hit the adder.
The adder is moderately wounded.
The adder bites you but does no damage.
You closely miss the adder.
The adder is moderately wounded.
The adder closely misses you.
You closely miss the adder.
The adder is moderately wounded.
The adder bites you.
You are poisoned.
The adder poisons you! The adder misses you.
You barely miss the adder.
The adder is moderately wounded.
You feel sick. The adder bites you.
You miss the adder.
The adder is moderately wounded.
You feel sick. The adder barely misses you. The adder bites you.
* * * LOW HITPOINT WARNING * * *
Okay, then.
You hit the adder but do no damage.
The adder is moderately wounded.
You feel sick. The adder closely misses you.
You closely miss the adder.
The adder is moderately wounded.
You feel sick. The adder misses you. The adder bites you.
* * * LOW HITPOINT WARNING * * *
You barely miss the adder.
The adder is moderately wounded.
* * * LOW HITPOINT WARNING * * *
You feel sick. The adder misses you.
Unknown command.
You closely miss the adder.
The adder is moderately wounded.
* * * LOW HITPOINT WARNING * * *
You feel sick.
You are no longer poisoned.
The adder bites you.
You die...

..## ... ..## #...
#..# #. #.## ..
#######..############.
#..?.@S............##.
#.#########.######.##.
#######.# #.##.
#.......######.##.
#.#####......#.##.
######...... ###..##
#>## ###


You could see an adder.

Vanquished Creatures
  2 ball pythons (D:1)
  2 bats (D:1)
  2 endoplasms (D:1)
  2 hobgoblins (D:1)
  A rat (D:1)
9 creatures vanquished.

Notes
Turn   | Place    | Note
-------+----------+-------------------------------------------
     0 | D:1      | IdlyInterested the Demonspawn Wanderer began the quest for
                  | the Orb.
     0 | D:1      | IdlyInterested set off with the following items: a +0
                  | rapier, a +0 falchion, a wand of polymorph (3), a potion of
                  | lignification, a +0 robe.
     0 | D:1      | Reached XP level 1. HP: 13/13 MP: 1/1
   256 | D:1      | Reached skill level 1 in Fighting
   284 | D:1      | Gained mutation: You regenerate magic rapidly. [demonic
                  | ancestry]
   284 | D:1      | Reached XP level 2. HP: 15/21 MP: 2/2
   436 | D:1      | You fall into a shaft and drop 1 floor!
   478 | D:2      | HP: 1/21 [poisoned by an adder]
   479 | D:2      | Slain by an adder

Illustrated notes

Levels and vault maps discovered:
D:1:      dpeg_arrival_lava_altar, layout_loops_corners
D:2:      layout_basic, corexii_hall_statues_u, feat_on_display, uniq_natasha

Skill      XL: |  1 |
---------------+----+-----
Fighting       | 1 |  1.2
Short Blades   | |  2.6
Long Blades    | |  2.8
Throwing       | |  1.0
Dodging        | |  1.2
Stealth        | |  1.0
Evocations     | |  1.0

Action                   || total
-------------------------++-------
Melee: Falchion          ||    39
Throw: Stone             ||     8
 Stab: Sleeping          ||     1
Armor: Robe              ||    12
Dodge: Dodged            ||    23

Table legend: (Time is in decaauts)
 A = Elapsed time spent in this place.
 B = Non-inter-level travel time spent in this place.
 C = Inter-level travel time spent in this place.
 D = Time resting spent in this place.
 E = Time spent auto-exploring this place.
 F = Levels seen in this place.
 G = Mean time per level.
                   A        B        C        D        E       F      G
               +--------+--------+--------+--------+--------+-----+--------+
         Total |    484 |    484 |      0 |     86 |    289 |   2 |  242.0 |
       Dungeon |    484 |    484 |      0 |     86 |    289 |   2 |  242.0 |
               +--------+--------+--------+--------+--------+-----+--------+

Top non-repeatable levels by time:
     D:1: 439 daAuts
     D:2: 44 daAuts
